 Dungeon Sprint DCSS version 0.30.1-4-g462c640d31 (webtiles) character file.

Game seed: 8847696000772109431

73868 Groucho the Intangible (level 13, -15/84 HPs)
             Began as a Felid Berserker on Aug 11, 2023.
             Was a Priest of Trog.
             Demolished by a death scarab (30 damage)
             ... summoned by a royal mummy
             ... in the Dungeon (Sprint III: "The Ten Rune Challenge").
             The game lasted 00:38:55 (12284 turns).

Groucho the Intangible (Felid Berserker)           Turns: 12284, Time: 00:38:56

Health: -15/84     AC:  3    Str: 13    XL:     13   Next: 12%
Magic:  14/14      EV: 46    Int:  6    God:    Trog [***...]
Gold:   3958       SH:  0    Dex: 23    Spells: 12/12 levels left
                                        Lives:  0   Deaths: 4

rFire   . .          .
                       - Unarmed
rCold   + + +        (shield unavailable)
rNeg    + . .        (body armour unavailable)
rPois   +            (helmet unavailable)
rElec   .            (cloak unavailable)
rCorr   +            (gloves unavailable)
SInv    +            (boots unavailable)
Will    .....        (no amulet)
Stlth   +++++++++    s - ring of the Scarab {rPois rC+ rCorr Int-3 SInv}
HPRegen 0.34/turn    q - ring "Fuxidoade" {rPois rC+ rN+ Dex+3}
MPRegen 0.14/turn

%: no teleportation
@: weak-willed, hasted and slowed, quick
A: very small, claws 1, fangs 3, see invisible, speed 1, shaggy fur 3, stealthy
paws, no weapons or thrown items, no armour, multi-lived, poison resistance,
screaming 1
}: 3/10 runes: decaying, serpentine, silver
a: Renounce Religion, Berserk, Trog's Hand


You were in the Dungeon.
You worshipped Trog.
Trog was most pleased with you.
You visited 1 branch You collected 4048 gold pieces.
You spent 90 gold pieces at shops.

Inventory:

Magical Staves
 C - a staff of death
Jewellery
 p - a ring of flight
 q - the ring "Fuxidoade" (right paw) {rPois rC+ rN+ Dex+3}
   (You took it off a frost giant in the Dungeon)

   [ring of protection from cold]

   Dex:       It affects your dexterity (+3).
   rC:        It protects you from cold.
   rPois:     It protects you from poison.
   rN:        It protects you from negative energy.
 s - the ring of the Scarab (left paw) {rPois rC+ rCorr Int-3 SInv}
   (You took it off a vault guard in the Dungeon)

   [ring of protection from cold]

   Int:       It affects your intelligence (-3).
   rC:        It protects you from cold.
   rPois:     It protects you from poison.
   SInv:      It lets you see invisible.
   rCorr:     It protects you from acid and corrosion.
 t - the amulet "Dotz" {RegenMP rF+ MP+9 Str+9 Slay-2}
   (You took it off a vault guard in the Dungeon)

   [amulet of magic regeneration]

   It increases your rate of magic regeneration.
   Str:       It affects your strength (+9).
   Slay:      It affects your accuracy & damage with ranged weapons and melee
   (-2).
   rF:        It protects you from fire.
   MP:        It affects your magic capacity (+9).
 v - a ring of protection from fire
 A - a ring of fire
Wands
 a - a wand of iceblast (6)
 m - a wand of flame (10)
Scrolls
 g - 6 scrolls of identify
 h - a scroll of torment {unknown}
 j - 4 scrolls of immolation {unknown}
 k - a scroll of enchant armour {unknown}
 r - a scroll of acquirement
 w - a scroll of fear {unknown}
Potions
 b - 2 potions of attraction
 d - 3 potions of magic
 f - 2 potions of degeneration {unknown}
 i - a potion of cancellation {unknown}
 l - 3 potions of flight
 n - a potion of ambrosia {unknown}
 o - a potion of invisibility {unknown}
 x - a potion of brilliance {unknown}
 z - a potion of berserk rage
Miscellaneous
 e - a phantom mirror
 u - a lightning rod (2/4)
 y - a condenser vane


   Skills:
 + Level 25.4 Fighting
 O Level 27 Dodging
 - Level 23.0 Stealth
 + Level 25.3 Unarmed Combat
 + Level 16.3 Evocations


You had 12 spell levels left.
You didn't know any spells.
Your spell library was empty.

Dungeon Overview and Level Annotations

Branches:
Dungeon (1/1)

Altars:
Cheibriados
Dithmenos
Elyvilon
Fedhas
Gozag
Hepliaklqana
Kikubaaqudgha
Makhleb
Nemelex Xobeh
Okawaru
Qazlal
Ru
Sif Muna
Trog
Uskayaw
Vehumet
Wu Jian
Xom
Yredelemnul
Zin
The Shining One
Jiyva
Lugonu

Shops:
D :?[:(![


Innate Abilities, Weirdness & Mutations

You have sharp claws.
You have razor-sharp teeth.
You have supernaturally acute eyesight. (SInv)
You cover ground quickly. (Speed+)
Your thick and shaggy fur keeps you warm. (AC +3, rC+)
Your paws help you pounce on unaware monsters.
You are incapable of wielding weapons or throwing items.
You cannot wear armour.
You gain extra lives every three experience levels.
Your system is resistant to poisons. (rPois)
You occasionally shout uncontrollably at your foes.


Message History

The death scarab waves its antennae.
The death scarab misses you. The death scarab completely misses you.
The death scarab misses you.
Unknown command.
Unknown command.
The death scarab attacks as you move away!
The death scarab bites you!
* * * LOW HITPOINT WARNING * * *
The death scarab drains your vigour!
You feel as though you will be slow longer.
The death scarab draws strength from your injuries!
The death scarab misses you.
The death scarab fails to trigger a net trap.
The death scarab closely misses you. The death scarab misses you.
The death scarab completely misses you.
Unknown command.
The death scarab attacks as you move away!
The death scarab completely misses you.
The death scarab waves its antennae.
You hear a loud "Zot"!
The death scarab fails to trigger a net trap. x2
You hear a loud "Zot"!
The power of Zot is invoked against you!
Your willpower is stripped away!
The death scarab fails to trigger a net trap.
The death scarab completely misses you. x2
You hear a loud "Zot"!
The royal mummy calls on the powers of darkness!
Your body is wracked with pain!
* * * LOW HITPOINT WARNING * * *
The death scarab completely misses you.
Unknown command.
You feel yourself speed up. The death scarab completely misses you.
The death scarab misses you. The death scarab completely misses you.
The death scarab misses you. The death scarab completely misses you.
The death scarab closely misses you. The death scarab completely misses you.
The death scarab bites you but does no damage.
The royal mummy fails to trigger a net trap. x2
The death scarab bites you!!
You die...

,#.....'...)#..#≈≈.#
,#.######...#..#≈≈.#
,#)).'..##..#..)...#
*#)).#...##.'..#≈≈.#
*#####....###..#≈≈.#
,#.........(#..#≈≈.#
,▓'▓▓▓▓▓▓▓▓▓▓▓▓▓▓▓▓▓
,▓..#............BB#
,▓..#....^.....B@BB#
,▓..#..##########B.#
*▓..#..#........#.^#
,▓..#..#...M....#MM#
,▓..#.^#MMMMMB.:#..#
,▓..#..#M.MM.φ[.#..#
*▓..#..#M########..#
,▓..#..#O..........#
,▓..'..#......M....#


You could see 2 royal mummies and 6 death scarabs.

Vanquished Creatures
  Sigmund (D)
  A golden dragon (shapeshifter) (D)
  2 liches (D)
  3 titans (D)
  Gastronok (D)
  A sphinx (D)
  Chuck (D)
  2 shadow dragons (D)
  4 azure jellies (D)
  2 frost giants (D)
  2 fire giants (D)
  2 dire elephants (D)
  An iron golem (D)
  A fire dragon (D)
  Josephine (D)
  A yaktaur captain (D)
  2 mummy priests (D)
  15 vault guards (D)
  An ogre mage (D)
  4 dancing weapons (D)
  2 anacondas (D)
  3 centaur warriors (D)
  A shock serpent (shapeshifter) (D)
  Urug (D)
  4 hell knights (D)
  3 skeletal warriors (D)
  A death drake (D)
  A spriggan druid (D)
  An orange crystal statue (D)
  4 swamp dragons (D)
  A lindwurm (D)
  A lindwurm (shapeshifter) (D)
  2 deep elf pyromancers (D)
  A cyclops (shapeshifter) (D)
  An orc sorcerer (D)
  An ugly thing (D)
  2 elephants (D)
  A water nymph (shapeshifter) (D)
  A guardian serpent (D)
  Edmund (D)
  A torpor snail (shapeshifter) (D)
  2 cane toads (D)
  An unseen horror (D)
  A rime drake (D)
  A komodo dragon (D)
  13 guardian mummies (D)
  3 wandering mushrooms (D)
  A queen bee (D)
  4 spriggan defenders (D)
  2 tyrant leeches (D)
  3 orc high priests (D)
  4 slime creatures (D)
  2 spriggans (D)
  A slime creature (shapeshifter) (D)
  A shadow (D)
  3 redbacks (D)
  A spatial vortex (D)
  A naga (D)
  A water moccasin (D)
  A floating eye (shapeshifter) (D)
  3 swamp drakes (D)
  2 orc warriors (D)
  2 centaurs (D)
  An earth elemental (D)
  A water elemental (D)
  A necrophage (D)
  31 killer bees (D)
  An electric eel (D)
  A jelly (D)
  Crazy Yiuf (D)
  3 orc priests (D)
  A wizard (D)
  4 orc wizards (D)
  2 necromancers (D)
  3 humans (D)
  A kobold demonologist (D)
  An adder (D)
  9 orcs (D)
  4 rats (D)
  6 butterflies (D)
206 creatures vanquished.

Vanquished Creatures (collateral kills)
  Frederick (D)
  the Lernaean hydra (D)
  Rupert (D)
  A sphinx (D)
  A shadow dragon (D)
  A nagaraja (D)
  2 mummy priests (D)
  3 hydras (D)
  A vault guard (D)
  5 anacondas (D)
  A naga warrior (D)
  4 death yaks (D)
  A deep elf knight (D)
  An obsidian statue (D)
  A deep elf pyromancer (D)
  An ugly thing (D)
  2 deep elf zephyrmancers (D)
  5 black mambas (D)
  3 guardian mummies (D)
  8 blink frogs (D)
  A naga (D)
  A swamp worm (shapeshifter) (D)
  3 water moccasins (D)
  A killer bee (D)
  3 adders (D)
  A butterfly (D)
54 creatures vanquished.

Vanquished Creatures (others)
  A butterfly (D)
1 creature vanquished.

Grand Total: 261 creatures vanquished

Notes
Turn   | Place    | Note
-------+----------+-------------------------------------------
     0 | D        | Groucho the Felid Berserker began the quest for the Orb.
     0 | D        | Reached XP level 1. HP: 10/10 MP: 2/2
    28 | D        | Reached ** piety under Trog
   157 | D        | Noticed Crazy Yiuf
   162 | D        | Killed Crazy Yiuf
   163 | D        | Reached XP level 2. HP: 14/14 MP: 3/3
   163 | D        | Reached XP level 3. HP: 17/17 MP: 4/4
   453 | D        | Gained mutation: Your magical capacity is low. (-10% MP)
                  | [potion of mutation]
   453 | D        | Gained mutation: Your spells are a little harder to cast,
                  | but a little more powerful. [potion of mutation]
   454 | D        | Lost mutation: Your magical capacity is low. (-10% MP)
                  | [potion of mutation]
   454 | D        | Lost mutation: Your spells are a little harder to cast, but
                  | a little more powerful. [potion of mutation]
   454 | D        | Gained mutation: Your system is resistant to poisons.
                  | (rPois) [potion of mutation]
   454 | D        | Gained mutation: You occasionally shout uncontrollably at
                  | your foes. [potion of mutation]
   617 | D        | Noticed a water elemental
   620 | D        | Killed a water elemental
   620 | D        | Reached *** piety under Trog
   621 | D        | Reached skill level 6 in Dodging
   621 | D        | Reached XP level 4. HP: 22/22 MP: 5/5
   624 | D        | Found a radiant altar of Vehumet.
   625 | D        | Found a shimmering blue altar of Sif Muna.
   625 | D        | Found an ancient bone altar of Kikubaaqudgha.
   625 | D        | Noticed a wizard
   626 | D        | Killed a wizard
   627 | D        | Reached skill level 10 in Stealth
   627 | D        | Reached XP level 5. HP: 25/25 MP: 6/6
   629 | D        | Reached skill level 5 in Fighting
   629 | D        | Reached skill level 5 in Unarmed Combat
   639 | D        | Found a glowing silver altar of Zin.
   640 | D        | Found a glowing golden altar of the Shining One.
   640 | D        | Found a white marble altar of Elyvilon.
   640 | D        | Noticed a deep elf pyromancer
   643 | D        | Noticed a fire elemental
   645 | D        | Killed a deep elf pyromancer
   645 | D        | Reached **** piety under Trog
   646 | D        | Reached skill level 10 in Dodging
   646 | D        | Gained mutation: You are covered in thick fur. (AC +2)
                  | [Felid growth]
   646 | D        | Reached XP level 6. HP: 33/33 MP: 7/7
   646 | D        | Reached XP level 7. HP: 36/36 MP: 8/8
   873 | D        | Found a shadowy altar of Dithmenos.
   880 | D        | Found a basalt altar of Yredelemnul.
   880 | D        | Found a sacrificial altar of Ru.
   960 | D        | Found a hide-covered altar of Uskayaw.
   960 | D        | Found an iron altar of Okawaru.
   961 | D        | Found a bloodstained altar of Trog.
   961 | D        | Found an ornate altar of the Wu Jian Council.
   961 | D        | Noticed a human
   961 | D        | Noticed a human
   963 | D        | Killed a human
   964 | D        | Killed a human
   964 | D        | Reached ***** piety under Trog
   965 | D        | Reached skill level 11 in Dodging
   980 | D        | Noticed a shadow
   987 | D        | Killed a shadow
   988 | D        | Reached XP level 8. HP: 39/42 MP: 9/9
  1151 | D        | Found a blossoming altar of Fedhas.
  1151 | D        | Found a stormy altar of Qazlal.
  1152 | D        | Found a snail-covered altar of Cheibriados.
  1152 | D        | Found a burning altar of Makhleb.
  1152 | D        | Found a hazy altar of Hepliaklqana.
  1152 | D        | Found a shimmering altar of Xom.
  1152 | D        | Found an opulent altar of Gozag.
  1152 | D        | Found a sparkling altar of Nemelex Xobeh.
  1152 | D        | Found a corrupted altar of Lugonu.
  1152 | D        | Found a viscous altar of Jiyva.
  1170 | D        | Noticed Josephine
  1182 | D        | Killed Josephine
  1183 | D        | Reached skill level 10 in Fighting
  1183 | D        | Reached skill level 13 in Dodging
  1183 | D        | Reached skill level 15 in Stealth
  1183 | D        | Reached skill level 10 in Unarmed Combat
  1473 | D        | Noticed a centaur warrior
  1476 | D        | Reached XP level 9. HP: 46/46 MP: 10/10
  1482 | D        | Killed a centaur warrior
  1483 | D        | Reached skill level 14 in Dodging
  1650 | D        | Noticed an unseen horror
  1651 | D        | Killed an unseen horror
  1659 | D        | Noticed Sigmund
  1659 | D        | Noticed Edmund
  1660 | D        | Killed Sigmund
  1661 | D        | Reached skill level 15 in Dodging
  1661 | D        | Reached XP level 10. HP: 54/54 MP: 11/11
  1661 | D        | Killed Edmund
  1661 | D        | Reached ****** piety under Trog
  1662 | D        | Reached skill level 16 in Dodging
  1694 | D        | Noticed a cane toad
  1694 | D        | Noticed a cane toad
  1697 | D        | Killed a cane toad
  1698 | D        | Killed a cane toad
  1708 | D        | Reached skill level 17 in Dodging
  1715 | D        | Noticed a lindwurm
  1718 | D        | Killed a lindwurm
  1719 | D        | Reached XP level 11. HP: 58/58 MP: 12/12
  1726 | D        | Noticed Urug
  1728 | D        | Killed Urug
  1732 | D        | Noticed an eight-headed hydra
  1732 | D        | Noticed a six-headed hydra
  1739 | D        | Slain by an eight-headed hydra
  1740 | D        | Reached XP level 10. HP: -5/55 MP: 11/11
  1795 | D        | Killed a six-headed hydra
  1802 | D        | Killed an eight-headed hydra
  1803 | D        | Reached skill level 18 in Dodging
  1815 | D        | Noticed a death drake
  2122 | D        | Killed a death drake
  2129 | D        | Found a blossoming altar of Fedhas.
  2129 | D        | Noticed a spriggan druid
  2136 | D        | Killed a spriggan druid
  2154 | D        | Noticed an anaconda
  2154 | D        | Noticed an anaconda
  2154 | D        | Noticed an anaconda
  2167 | D        | Killed an anaconda
  2172 | D        | Reached XP level 11. HP: 39/60 MP: 12/12
  2182 | D        | Killed an anaconda
  2187 | D        | Noticed an anaconda
  2191 | D        | Killed an anaconda
  2192 | D        | Reached skill level 15 in Fighting
  2192 | D        | Reached skill level 19 in Dodging
  2192 | D        | Reached skill level 15 in Unarmed Combat
  2200 | D        | Killed an anaconda
  2205 | D        | Noticed an anaconda
  2212 | D        | Killed an anaconda
  2219 | D        | Noticed an anaconda
  2219 | D        | Noticed an anaconda
  2223 | D        | Killed an anaconda
  2255 | D        | Killed an anaconda
  2256 | D        | Reached skill level 20 in Dodging
  2605 | D        | Noticed a naga warrior
  2606 | D        | Noticed a nagaraja
  2609 | D        | Killed a nagaraja
  2621 | D        | Killed a naga warrior
  2747 | D        | Found Enuy's Book Shop.
  2747 | D        | Found Aciroah's Antique Weapon Shoppe.
  2750 | D        | Found Aseoj's Distillery.
  2770 | D        | Got a serpentine rune of Zot
  2877 | D        | Gained mutation: Your thick and shaggy fur keeps you warm.
                  | (AC +3, rC+) [Felid growth]
  2877 | D        | Reached XP level 12. HP: 67/67 MP: 13/13
  2893 | D        | Noticed Rupert
  2903 | D        | Killed Rupert
  2904 | D        | Reached skill level 21 in Dodging
  3261 | D        | Noticed a death yak
  3262 | D        | Noticed a death yak
  3266 | D        | Noticed a death yak
  3268 | D        | Noticed a death yak
  3279 | D        | Killed a death yak
  3281 | D        | Killed a death yak
  3283 | D        | Killed a death yak
  3285 | D        | Killed a death yak
  3297 | D        | Noticed an azure jelly
  3297 | D        | Noticed an azure jelly
  3303 | D        | Reached skill level 22 in Dodging
  3610 | D        | Found Osini's Book Shoppe.
  3610 | D        | Found Nyajy's Magic Scroll Boutique.
  3615 | D        | Found Citaecli's Antique Armour Emporium.
  3635 | D        | Noticed a four-headed hydra
  3635 | D        | Noticed the 27-headed Lernaean hydra
  4119 | D        | Noticed an azure jelly
  4119 | D        | Noticed an azure jelly
  4144 | D        | Killed an azure jelly
  4150 | D        | Killed an azure jelly
  4157 | D        | Killed an azure jelly
  4158 | D        | Reached skill level 23 in Dodging
  4357 | D        | Killed an azure jelly
  4371 | D        | Noticed Gastronok
  4372 | D        | Noticed a dire elephant
  4372 | D        | Noticed a dire elephant
  4373 | D        | Killed Gastronok
  4374 | D        | Reached XP level 13. HP: 74/74 MP: 14/14
  4374 | D        | Killed a dire elephant
  4376 | D        | Killed a dire elephant
  4462 | D        | Reached skill level 24 in Dodging
  4780 | D        | Found Bisiolig's Antique Armour Emporium.
  4923 | D        | Noticed a deep elf annihilator
  4924 | D        | Noticed a deep elf annihilator
  4940 | D        | Noticed a deep elf master archer
  5426 | D        | Killed the 26-headed Lernaean hydra
  5427 | D        | Reached skill level 25 in Dodging
  5449 | D        | Bought a scroll of magic mapping for 90 gold pieces
  5478 | D        | Got a decaying rune of Zot
  5669 | D        | Mangled by a two-headed ogre
  5670 | D        | Reached XP level 12. HP: -11/72 MP: 0/13
  6018 | D        | Noticed a centaur warrior
  6022 | D        | Killed a centaur warrior
  6052 | D        | Noticed a fire dragon
  6071 | D        | Killed a fire dragon
  6078 | D        | Noticed a two-headed ogre
  6082 | D        | a two-headed ogre changed into a mana viper
  6102 | D        | Reached skill level 26 in Dodging
  6322 | D        | Noticed a satyr
  6326 | D        | a satyr changed into an ice dragon
  6326 | D        | Noticed an ice dragon (glowing shapeshifter)
  6329 | D        | an ice dragon changed into a spark wasp
  6329 | D        | Noticed a spark wasp (glowing shapeshifter)
  6334 | D        | a spark wasp changed into a wolf spider
  6336 | D        | Noticed a sphinx
  6337 | D        | a sphinx changed into a shadow dragon
  6337 | D        | Noticed a shadow dragon (glowing shapeshifter)
  6339 | D        | a torpor snail changed into a two-headed ogre
  6339 | D        | Noticed a two-headed ogre (glowing shapeshifter)
  6340 | D        | a two-headed ogre changed into a skyshark
  6347 | D        | a shadow dragon changed into a golden dragon
  6347 | D        | Noticed a golden dragon (glowing shapeshifter)
  6352 | D        | Killed a golden dragon
  6353 | D        | Reached XP level 13. HP: 78/78 MP: 14/14
  6727 | D        | Noticed Chuck
  6757 | D        | Noticed an iron golem
  6826 | D        | Killed an iron golem
  7143 | D        | Reached skill level 27 in Dodging
  7151 | D        | Noticed a lich
  7159 | D        | Killed a lich
  7210 | D        | Noticed a sphinx
  7210 | D        | Noticed a sphinx
  7224 | D        | Killed a sphinx
  7233 | D        | Killed a sphinx
  7515 | D        | Reached skill level 5 in Evocations
  8090 | D        | Noticed a mummy priest
  8110 | D        | Killed a mummy priest
  8527 | D        | Noticed a mummy priest
  8550 | D        | Killed a mummy priest
  8590 | D        | Noticed a royal mummy
  8598 | D        | Noticed an emperor scorpion
  8598 | D        | Noticed an emperor scorpion
  8598 | D        | Noticed an emperor scorpion
  8598 | D        | Noticed an emperor scorpion
  9016 | D        | Noticed Frederick
  9030 | D        | Killed Frederick
  9031 | D        | Reached XP level 14. HP: 84/84 MP: 15/15
  9091 | D        | Noticed a lich
  9121 | D        | Killed a lich
  9122 | D        | Reached skill level 10 in Evocations
  9299 | D        | Noticed a shadow dragon
  9299 | D        | Noticed a shadow dragon
  9371 | D        | Killed a shadow dragon
  9493 | D        | Killed a shadow dragon
  9519 | D        | Noticed a frost giant
  9519 | D        | Noticed a fire giant
  9519 | D        | Noticed a fire giant
  9519 | D        | Noticed a titan
  9519 | D        | Noticed a titan
  9519 | D        | Noticed a titan
  9519 | D        | Noticed a frost giant
  9522 | D        | Noticed a shadow dragon
 10147 | D        | Killed a titan
 10174 | D        | Killed a fire giant
 10181 | D        | Killed a titan
 10246 | D        | Identified the amulet "Dotz" {RegenMP rF+ MP+9 Str+9
                  | Slay-2}
 10298 | D        | Killed a shadow dragon
 10368 | D        | Killed a frost giant
 10374 | D        | Identified the ring "Fuxidoade" {rPois rC+ rN+ Dex+3}
 10386 | D        | Killed a frost giant
 10387 | D        | Reached skill level 15 in Evocations
 10692 | D        | Identified the ring of the Scarab {rPois rC+ rCorr Int-3
                  | SInv}
 10727 | D        | Killed from afar by a fire giant
 10728 | D        | Reached XP level 13. HP: -26/124 MP: 14/14
 10737 | D        | Killed a titan
 10744 | D        | Killed a fire giant
 10774 | D        | Got a silver rune of Zot
 10803 | D        | Reached XP level 14. HP: 59/88 MP: 15/15
 11062 | D        | Killed Chuck
 11081 | D        | Identified the +0 leather armour of Jil Edie {rPois Str-2
                  | Int+4}
 11442 | D        | Mangled by a jiangshi
 11443 | D        | Reached XP level 13. HP: -9/126 MP: 14/14
 11497 | D        | Killed a mummy priest
 11721 | D        | Noticed a mummy priest
 11721 | D        | Noticed a mummy priest
 11721 | D        | Identified the +1 mace "Odush" {pain, *Noise Fly rF+++
                  | Stlth+}
 11721 | D        | Identified the ring "Qestuv" {Drain rPois Will+ rCorr
                  | Int+6}
 11721 | D        | Noticed a royal mummy
 11721 | D        | Found the +0 mask of the Dragon {Will+ Slay+3 SInv}
 11769 | D        | Killed a mummy priest
 12284 | D        | Demolished by a death scarab

Illustrated notes

Levels and vault maps discovered:
D:        dungeon_sprint_mu [sprint_mu_entry_cave, sprint_mu_temple_rooms,
          sprint_mu_d1_horrors, sprint_mu_d2_genie, sprint_mu_d3_branching,
          sprint_mu_orc_legion, sprint_mu_elf_gauntlet, sprint_mu_hive_nellie,
          sprint_mu_lair_fedhas, sprint_mu_vaults_butterflies,
          sprint_mu_slime_circle, sprint_mu_swamp_cave, sprint_mu_snake_twists,
          sprint_mu_blade_basic, sprint_mu_crypt_fortress,
          sprint_mu_tomb_spiral, sprint_mu_vestibule_basic,
          sprint_mu_gehenna_hellfire, sprint_mu_dis_giant,
          sprint_mu_tartarus_statrot, sprint_mu_cocytus_islands, sprint_mu_zot1]

Skill      XL: |  1  2  3  4  5  6  7  8  9 10 11 12 13 14 |
---------------+-------------------------------------------+-----
Stealth        | 8 9 10 13 14 15 18 21 23 | 23.0
Fighting       | 4 7 9 10 12 14 16 21 25 24 | 25.4
Dodging        | 6 10 11 13 15 18 20 26 27 | 27.0
Unarmed Combat | 4 7 8 10 12 14 16 21 25 24 | 25.3
Evocations     | 9 16 | 16.3

Action                     |  1- 3 |  4- 6 |  7- 9 | 10-12 | 13-15 || total
---------------------------+-------+-------+-------+-------+-------++-------
  Melee: Unarmed           |    18 |     5 |    48 |   137 |   491 ||   699
         Bite              |     1 |     1 |     3 |    21 |    67 ||    93
         Punch             |     1 |     1 |     2 |    12 |    65 ||    81
 Invoke: Trog's Hand       |       |     1 |     4 |     8 |    26 ||    39
         Berserk           |       |     1 |     4 |     5 |    12 ||    22
         Brothers in Arms  |       |       |       |    22 |    30 ||    52
  Evoke: Lightning rod     |       |       |       |       |     9 ||     9
         Wand              |       |       |       |       |     5 ||     5
    Use: Potion            |     4 |       |     1 |     4 |     6 ||    15
         Scroll            |       |       |       |     1 |     1 ||     2
   Stab: Sleeping          |     4 |     2 |     6 |    36 |    15 ||    63
         Distracted        |       |       |       |       |     7 ||     7
 Armour: Skin              |       |       |     1 |     7 |     7 ||    15
  Dodge: Dodged            |     9 |     2 |    30 |   185 |   389 ||   615
